[Event "Early-Titled-Tuesday-Blitz-September-26-2023"]
[Site "Chess.com"]
[Date "2023.09.26"]
[Round "2"]
[White "Zohid6"]
[Black "DanielTitichoca"]
[Result "1-0"]
[WhiteElo "2777"]
[BlackElo "2568"]
[TimeControl "180+1"]
[EndTime "8:14:21 PDT"]
[Termination "Zohid6 won by resignation"]

1. d4 d5 2. Nc3 Nf6 3. Bf4 a6 4. e3 e6 5. g4 Bb4 6. Ne2 c5 7. a3 Bxc3+ 8. Nxc3 Nc6 9. g5 Nd7 10. Qd2 b5 11. h4 Bb7 12. h5 e5 13. dxe5 Ncxe5 14. Bg2 Nc4 15. Qe2 Ndb6 16. b3 Nd6 17.
Rd1 Nf5 18. Qg4 g6 19. hxg6 fxg6 20. e4 Nd4 21. Be5 O-O 22. Rxd4 cxd4 23. Qe6+ Rf7 24. Rxh7 1-0

[Event "Early-Titled-Tuesday-Blitz-September-26-2023"]
[Site "Chess.com"]
[Date "2023.09.26"]
[Round "2"]
[White "lamomiajunior"]
[Black "Maxfan2008"]
[Result "1-0"]
[WhiteElo "2746"]
[BlackElo "2544"]
[TimeControl "180+1"]
[EndTime "8:14:24 PDT"]
[Termination "lamomiajunior won by resignation"]

1. d4 d5 2. c4 c6 3. Nc3 Nf6 4. Nf3 e6 5. Bg5 Nbd7 6. e3 Qa5 7. Nd2 Bb4 8. Rc1 dxc4 9. Bxf6 Nxf6 10. Nxc4 Qxa2 11.
Ra1 Qxa1 12. Qxa1 O-O 13. Bd3 b5 14. Ne5 Bb7 15. O-O Rfd8 16. Ne4 Be7 17. Nxf6+ gxf6 18. Nf3 a6 19. Qb1 f5 20. e4 fxe4 21. Bxe4 f5 22. Qa2 fxe4 23. Qxe6+ Kh8 24. Qxe7 exf3 25. Qxb7 fxg2 26.
Re1 Re8 27. Rxe8+ Rxe8 28. Qxc6 Re2 29. Qc8+ Kg7 30. Qg4+ 1-0

[Event "Early-Titled-Tuesday-Blitz-September-26-2023"]
[Site "Chess.com"]
[Date "2023.09.26"]
[Round "2"]
[White "SRob2003"]
[Black "AhmadzadaA"]
[Result "1-0"]
[WhiteElo "2632"]
[BlackElo "2916"]
[TimeControl "180+1"]
[EndTime "8:14:34 PDT"]
[Termination "SRob2003 won by resignation"]

1. c4 c5 2. g3 Nc6 3. Bg2 g6 4. Nc3 Bg7 5. Nf3 e5 6. O-O Nge7 7. a3 a5 8. Ne1 d6 9. Nc2 O-O 10. d3 f5 11. Ne3 f4 12. Ned5 g5 13. e3 Ng6 14. Ne4 Be6 15. Qh5 f3 16. Bxf3 Kh8 17.
Nxg5 Bg8 18. Be4 Bf6 19. Nxh7 Bxh7 20. Bxg6 Qd7 21. Nb6 1-0

[Event "Early-Titled-Tuesday-Blitz-September-26-2023"]
[Site "Chess.com"]
[Date "2023.09.26"]
[Round "2"]
[White "Flaccidmoves"]
[Black "Ariadna_Atreides"]
[Result "1-0"]
[WhiteElo "2449"]
[BlackElo "2201"]
[TimeControl "180+1"]
[EndTime "8:14:35 PDT"]
[Termination "Flaccidmoves won by checkmate"]

1. b3 e5 2. Bb2 Nc6 3. e3 d6 4. Bb5 Bd7 5. d4 Nge7 6. d5 Nb8 7. Be2 c6 8. c4 Na6 9. Nf3 Nc7 10. Nc3 g6 11. Ne4 Nc8 12. Nxe5 Bg7 13. dxc6 bxc6 14. Nxd6+ Nxd6 15. Qxd6 Ne6 16. Nxc6 Qb6 17. Qe7# 1-0

[Event "Early-Titled-Tuesday-Blitz-September-26-2023"]
[Site "Chess.com"]
[Date "2023.09.26"]
[Round "2"]
[White "Vanina1989"]
[Black "Cambek64"]
[Result "1-0"]
[WhiteElo "2719"]
[BlackElo "2464"]
[TimeControl "180+1"]
[EndTime "8:14:37 PDT"]
[Termination "Vanina1989 won by resignation"]

1. d4 d6 2. Nf3 Nf6 3. c4 g6 4. Nc3 Bg7 5. e4 O-O 6. Be2 Bg4 7. Be3 Nfd7 8. O-O Nc6 9. d5 Bxf3 10. Bxf3 Nce5 11. Be2 Nb6 12. Qb3 a5 13. c5 a4 14. Qb4 Nbd7 15. cxd6 cxd6 16. f4 a3 17. fxe5 axb2 18. Qxb2 Nxe5 19. Rac1 Qa5 20. Bb6 Qa3 21. Qxa3 Rxa3 22. Rfd1 Rc8 23. Bd4 Bh6 24. Rc2 Nc4 25. Nb5 Ra5 26. Rxc4 Rxc4 27. Bxc4 Ra4 28. Bb3 1-0

[Event "Early-Titled-Tuesday-Blitz-September-26-2023"]
[Site "Chess.com"]
[Date "2023.09.26"]
[Round "2"]
[White "ShahMatKanal"]
[Black "YouShallNotPass001"]
[Result "1-0"]
[WhiteElo "2512"]
[BlackElo "2310"]
[TimeControl "180+1"]
[EndTime "8:14:43 PDT"]
[Termination "ShahMatKanal won by resignation"]

1. d4 Nf6 2. c4 e6 3. a3 c5 4.
Nf3 cxd4 5. Nxd4 d5 6. e3 Be7 7. Nc3 O-O 8. cxd5 exd5 9. Be2 Nc6 10. O-O Re8 11. b4 Ne5 12. Bb2 a6 13. Qb3 Bd6 14. Nxd5 Nxd5 15. Qxd5 Ng4 16. Bc4 Be6 17. Nxe6 Bxh2+ 18. Kh1 Qh4 19. Qg5 1-0

[Event "Early-Titled-Tuesday-Blitz-September-26-2023"]
[Site "Chess.com"]
[Date "2023.09.26"]
[Round "2"]
[White "whiteglovethief"]
[Black "AsselLesbekova"]
[Result "1-0"]
[WhiteElo "2495"]
[BlackElo "2277"]
[TimeControl "180+1"]
[EndTime "8:14:51 PDT"]
[Termination "whiteglovethief won by resignation"]

1. d4 d5 2. c4 e6 3. Nf3 a6 4. g3 dxc4 5. Bg2 b5 6. Ne5 c6 7. Nxc6 Qb6 8. Nxb8 Rxb8 9. O-O Bb7 10. e4 Nf6 11. d5 Rd8 12. Nc3 Bb4 13. Bg5 h6 14.
Bxf6 gxf6 15. Qh5 exd5 16. exd5 Bxc3 17. bxc3 Kf8 18. Rfe1 Bc8 19. a4 Kg7 20. axb5 axb5 21.
Ra8 Bd7 22. Re7 Be8 23. Raa7 Rf8 24. Be4 f5 25. Qxf5 b4 26. Qh7+ 1-0

[Event "Early-Titled-Tuesday-Blitz-September-26-2023"]
[Site "Chess.com"]
[Date "2023.09.26"]
[Round "2"]
[White "Chaos_Magic"]
[Black "Rutricks"]
[Result "0-1"]
[WhiteElo "2421"]
[BlackElo "2690"]
[TimeControl "180+1"]
[EndTime "8:14:57 PDT"]
[Termination "Rutricks won by resignation"]

1. d4 g6 2. c4 Bg7 3. e4 d6 4.
Nc3 Nd7 5. Be3 e5 6. d5 a5 7. Nf3 Nc5 8. Nd2 h5 9. Nb3 b6 10. h3 Bh6 11. Bxh6 Nxh6 12. Be2 Qg5 13. Nxc5 bxc5 14.
Nb5 Kd8 15. Bf3 f5 16. h4 Qf6 17. Qd2 Nf7 18. O-O-O Bd7 19. Nc3 f4 20. Rdf1 Ke7 21.
g3 g5 22. hxg5 Nxg5 23. Bxh5 fxg3 24. fxg3 Rxh5 25. Rxf6 Rxh1+ 26. Kc2 Kxf6 27. Qf2+ Kg6 0-1

[Event "Early-Titled-Tuesday-Blitz-September-26-2023"]
[Site "Chess.com"]
[Date "2023.09.26"]
[Round "2"]
[White "Kostya0705"]
[Black "vugarrasulov"]
[Result "0-1"]
[WhiteElo "2617"]
[BlackElo "2936"]
[TimeControl "180+1"]
[EndTime "8:14:58 PDT"]
[Termination "vugarrasulov won by resignation"]

1. e4 c5 2. Nf3 Nc6 3. Nc3 e6 4. d4 cxd4 5. Nxd4 Qc7 6. Be3 a6 7. Qf3 Nf6 8. O-O-O Bb4 9. Nxc6 dxc6 10. Bd4 Be7 11.
e5 Nd7 12. Qg3 O-O 13. f4 c5 14. Be3 f5 15. a4 b5 16. axb5 axb5 17. Bxb5 Nb6 18. Kd2 Ba6 19. Bxa6 Rxa6 20. Ke2 Nc4 21. Bc1 Ra1 22. Qd3 Nb6 23. Be3 Rxd1 24. Rxd1 g5 25. g3 Qc6 26. Kf2 g4 27. Kg1 h5 28. Bf2 Rd8 29.
Qb5 Rxd1+ 0-1

[Event "Early-Titled-Tuesday-Blitz-September-26-2023"]
[Site "Chess.com"]
[Date "2023.09.26"]
[Round "2"]
[White "verrbaa"]
[Black "Darko-Dimitrijevic"]
[Result "1-0"]
[WhiteElo "2412"]
[BlackElo "1963"]
[TimeControl "180+1"]
[EndTime "8:14:58 PDT"]
[Termination "verrbaa won by resignation"]

1. Nf3 c5 2. g3 g6 3. Bg2 Bg7 4.
O-O Nc6 5. c4 a6 6. Nc3 Rb8 7. e3 b5 8. d4 cxd4 9. exd4 bxc4 10.
d5 Nb4 11. Bf4 Nd3 12. Bxb8 Nxb2 13. Qc2 Nd3 14. Rab1 d6 15. Qa4+ Bd7 16. Qxc4 Nc5 17.
Ba7 Nf6 18. Rb8 Bc8 19. Bxc5 dxc5 20. Ne5 O-O 21. Nc6 Qc7 22. Qxc5 Re8 23. Rfb1 h5 24.
Nxe7+ Rxe7 25. Rxc8+ 1-0

[Event "Early-Titled-Tuesday-Blitz-September-26-2023"]
[Site "Chess.com"]
[Date "2023.09.26"]
[Round "2"]
[White "Mr_ruthless"]
[Black "ashookk"]
[Result "1-0"]
[WhiteElo "2470"]
[BlackElo "2220"]
[TimeControl "180+1"]
[EndTime "8:14:59 PDT"]
[Termination "Mr_ruthless won by resignation"]

1. e4 e6 2. d4 d5 3. Nd2 Be7 4. Bd3 c5 5. dxc5 Nc6 6. Ngf3 Nf6 7. exd5 exd5 8. Nb3 O-O 9. O-O Bg4 10. Be2 Ne4 11. Be3 a5 12. a4 Rc8 13. h3 Bh5 14. Nfd4 Bg6 15. Nb5 Ne5 16. c3 Nc4 17. Bxc4 dxc4 18. Qxd8 Rfxd8 19. Nxa5 Nxc5 20. Bxc5 Bxc5 21. Nxb7 Rd2 22.
Nxc5 Rxc5 23. Rfd1 1-0

[Event "Early-Titled-Tuesday-Blitz-September-26-2023"]
[Site "Chess.com"]
[Date "2023.09.26"]
[Round "2"]
[White "jeetjain"]
[Black "AlmasRakhmatullaev"]
[Result "0-1"]
[WhiteElo "2579"]
[BlackElo "2784"]
[TimeControl "180+1"]
[EndTime "8:15:01 PDT"]
[Termination "AlmasRakhmatullaev won by resignation"]

1. d4 Nf6 2. Nf3 g6 3. Bg5 Bg7 4. Nbd2 d6 5. c3 Nbd7 6. e3 O-O 7. Be2 e5 8. O-O h6 9. Bxf6 Qxf6 10. a4 a5 11. Qb3 Kh8 12. Rac1 Qe7 13. Rfd1 f5 14.
Nc4 e4 15. Ne1 Nf6 16. Na3 g5 17. c4 f4 18. c5 d5 19. c6 b6 20. Nb5 Be6 21. Qa3 Qf7 22. exf4 gxf4 23. f3 Rac8 24. Na7 Rce8 25. Nb5 h5 26. Nc2 Rg8 27. Kh1 h4 28. h3 Bf8 29. Ne1 Bxa3 0-1

[Event "Early-Titled-Tuesday-Blitz-September-26-2023"]
[Site "Chess.com"]
[Date "2023.09.26"]
[Round "2"]
[White "ExchangeAB"]
[Black "Gabix_94"]
[Result "0-1"]
[WhiteElo "2430"]
[BlackElo "2700"]
[TimeControl "180+1"]
[EndTime "8:15:05 PDT"]
[Termination "Gabix_94 won by resignation"]

1. Nf3 Nf6 2. e3 g6 3. b3 Bg7 4.
Bb2 O-O 5. Be2 c5 6. O-O Nc6 7. c4 d5 8. cxd5 Qxd5 9. Nc3 Qf5 10. a3 Rd8 11. d3 b6 12. Qc2 Bb7 13. Rfd1 Rac8 14.
Rac1 Nd4 15. exd4 cxd4 16. Nxd4 Rxd4 17. Qd2 Rcd8 18. Bf1 Ng4 19. Qe1 Nxh2 20. Ne4 Ng4 21. Bxd4 Bxd4 22. Rc2 Qh5 0-1

[Event "Early-Titled-Tuesday-Blitz-September-26-2023"]
[Site "Chess.com"]
[Date "2023.09.26"]
[Round "2"]
[White "Rozhkov_V"]
[Black "viktorskliarov"]
[Result "0-1"]
[WhiteElo "2397"]
[BlackElo "2653"]
[TimeControl "180+1"]
[EndTime "8:15:05 PDT"]
[Termination "viktorskliarov won by resignation"]

1. e4 c5 2. Nf3 Nc6 3. d4 cxd4 4. Nxd4 Nf6 5. Nc3 e5 6. Ndb5 d6 7. Bg5 a6 8. Na3 b5 9. Bxf6 gxf6 10. Nd5 f5 11. g3 Bg7 12. exf5 Bxf5 13. Bg2 Rc8 14. c3 O-O 15. O-O Ne7 16. Ne3 Be6 17. Nac2 d5 18. Nb4 d4 19. Nec2 a5 20. Nd3 dxc3 21. bxc3 Rxc3 22. Nde1 Qxd1 23. Rxd1 Bc4 24. Rd7 Nf5 25. Rc7 Nd4 26. Ne3 Bxf1 27. Rxc3 Ne2+ 28.
Kxf1 Nxc3 29. Nd3 e4 30. Nc5 Bd4 31. Nb3 Bxe3 32. fxe3 a4 33. Nd2 f5 34. a3 b4 35.
axb4 a3 36. Ke1 a2 37. Nb3 Rd8 38. Bf1 Rd1+ 39. Kf2 Rb1 0-1

[Event "Early-Titled-Tuesday-Blitz-September-26-2023"]
[Site "Chess.com"]
[Date "2023.09.26"]
[Round "2"]
[White "Let_it_be_1"]
[Black "OparinGrigoriy"]
[Result "0-1"]
[WhiteElo "2626"]
[BlackElo "2969"]
[TimeControl "180+1"]
[EndTime "8:15:11 PDT"]
[Termination "OparinGrigoriy won by resignation"]

1. e4 c5 2. Nf3 e6 3. d4 cxd4 4. Nxd4 Nf6 5. Nc3 Nc6 6. Ndb5 d6 7. Bf4 e5 8. Bg5 a6 9. Na3 b5 10. Nd5 Be7 11. Bxf6 Bxf6 12. c3 O-O 13. Nc2 Rb8 14. h4 g6 15. g3 Bg7 16. Bg2 h5 17. O-O Be6 18. Nce3 Bh6 19. Qd3 Ne7 20. Rad1 Nxd5 21. Nxd5 Kg7 22. Kh2 Qd7 23. Ne3 Rfd8 24. a3 a5 25. Rd2 b4 26. axb4 axb4 27. Rfd1 bxc3 28. Qxc3 Qb5 29. Nd5 Bxd2 30. Rxd2 Bxd5 31. Rxd5 Qxb2 32. Qe3 Rb3 33. Qg5 f6 0-1

[Event "Early-Titled-Tuesday-Blitz-September-26-2023"]
[Site "Chess.com"]
[Date "2023.09.26"]
[Round "2"]
[White "xxysoul6"]
[Black "BlitzWizard04"]
[Result "1-0"]
[WhiteElo "3022"]
[BlackElo "2634"]
[TimeControl "180+1"]
[EndTime "8:15:18 PDT"]
[Termination "xxysoul6 won by resignation"]

1. e4 c5 2. Nf3 d6 3. Bb5+ Nd7 4. O-O a6 5. Bd3 Ngf6 6. c3 e5 7. Bc2 b6 8. d4 Bb7 9. Re1 Be7 10. Nbd2 O-O 11.
Nf1 Rc8 12. Ng3 g6 13. a4 Re8 14. h3 h5 15. Ng5 Bf8 16. Bb3 c4 17. Bc2 h4 18. Nf1 Bg7 19. d5 Nc5 20. Be3 b5 21.
Nd2 Nh7 22. Nxh7 Kxh7 23. Qg4 Bf6 24. Rf1 Ra8 25. f4 exf4 26. Rxf4 Nd7 27. Raf1 Ne5 28. Qe2 Bg5 29. Rxf7+ Nxf7 30. Rxf7+ Kg8 31. Rxb7 Rf8 32. Bd4 Bf6 33. Qg4 Qe8 34. e5 Bxe5 35. Bxe5 dxe5 36. Bxg6 Rf4 37. Bh7+ 1-0

[Event "Early-Titled-Tuesday-Blitz-September-26-2023"]
[Site "Chess.com"]
[Date "2023.09.26"]
[Round "2"]
[White "halfnatty"]
[Black "Khromkin"]
[Result "1-0"]
[WhiteElo "2631"]
[BlackElo "2346"]
[TimeControl "180+1"]
[EndTime "8:15:26 PDT"]
[Termination "halfnatty won by resignation"]

1. d4 d5 2. c4 dxc4 3. Nf3 a6 4. e3 Bg4 5. Bxc4 e6 6. O-O Nc6 7. Nc3 Nf6 8. Be2 Bd6 9. h3 Bh5 10. b3 O-O 11. Bb2 Qe7 12. Rc1 Rad8 13. Re1 Bg6 14. Nh4 e5 15. Nxg6 hxg6 16. Bf3 e4 17. Be2 Nb4 18.
Qd2 c6 19. Red1 g5 20. a3 Nbd5 21. Na4 g6 22. Nc5 Kg7 23. Re1 Rh8 24. f3 Bg3 25. fxe4 Bxe1 26. Rxe1 Nxe4 27. Nxe4 Qxe4 28. Bf3 Qh4 29.
e4 Nf6 30. d5 cxd5 31. exd5 g4 32. Bxg4 Rhe8 33. Rf1 1-0

[Event "Early-Titled-Tuesday-Blitz-September-26-2023"]
[Site "Chess.com"]
[Date "2023.09.26"]
[Round "2"]
[White "Aradhya2000"]
[Black "brm72"]
[Result "1/2-1/2"]
[WhiteElo "2702"]
[BlackElo "2534"]
[TimeControl "180+1"]
[EndTime "8:15:29 PDT"]
[Termination "Game drawn by repetition"]

1. d4 Nf6 2. Nf3 e6 3. Bg5 Be7 4. c4 d5 5. Nc3 O-O 6. e3 c6 7.
Qc2 h6 8. Bh4 Nbd7 9. Rd1 b6 10.
cxd5 cxd5 11. Bd3 Bb7 12. O-O Rc8 13. Qe2 Ne4 14. Bxe7 Qxe7 15. Rc1 f5 16. Qe1 a6 17. Ne2 g5 18. a3 b5 19. Qb4 Qxb4 20. axb4 Kg7 21.
Ne5 Nb6 22. Nc3 Nxc3 23. Rxc3 Rxc3 24. bxc3 Rc8 25. Rc1 Na4 26. Nd7 Rxc3 27. Rxc3 Nxc3 28. Nc5 Bc8 29. f3 Kf6 30. Bc2 Ke7 31. Kf2 Na2 32.
Nd3 Bd7 33. Ke1 Nc3 34. Nc5 Na2 35. Nd3 Nc3 36. Nc5 Na2 37. Nd3 1/2-1/2

[Event "Early-Titled-Tuesday-Blitz-September-26-2023"]
[Site "Chess.com"]
[Date "2023.09.26"]
[Round "2"]
[White "TheoSlade"]
[Black "ZeGood_ZeBad_ZeUgly"]
[Result "1-0"]
[WhiteElo "2481"]
[BlackElo "2266"]
[TimeControl "180+1"]
[EndTime "8:15:29 PDT"]
[Termination "TheoSlade won by resignation"]

1. d4 d5 2. c4 c6 3. cxd5 cxd5 4. Bf4 Nf6 5. e3 Bf5 6. Qb3 Qd7 7. Nf3 Nc6 8. Ne5 Qc8 9. Nc3 e6 10. Rc1 Nxe5 11.
Bxe5 Nd7 12. Bb5 a6 13. Bxd7+ Qxd7 14. Na4 Rc8 15. O-O Rxc1 16. Rxc1 Qb5 17. Rc8+ Kd7 18. Nb6+ Ke7 19. Qa3+ 1-0

[Event "Early-Titled-Tuesday-Blitz-September-26-2023"]
[Site "Chess.com"]
[Date "2023.09.26"]
[Round "2"]
[White "Shockerlover"]
[Black "Tssunami"]
[Result "0-1"]
[WhiteElo "1993"]
[BlackElo "2414"]
[TimeControl "180+1"]
[EndTime "8:15:29 PDT"]
[Termination "Tssunami won by resignation"]

1. d4 Nf6 2. Nf3 e6 3. c4 d5 4. g3 dxc4 5. Bg2 a6 6. O-O b5 7. a4 Bb7 8. b3 cxb3 9. Qxb3 Bd5 10. Qb2 b4 11. a5 Nbd7 12. Bd2 Qb8 13. Ra4 Qb7 14. Nc3 bxc3 15. Qxb7 Bxb7 16. Bxc3 Ne4 17. Ba1 Bd6 18. Rc1 O-O 19. e3 Rab8 20. Rac4 Bd5 21.
R4c2 Rb5 22. Ne5 Nxe5 23. dxe5 Ba3 24. Rd1 c6 25. Ra2 Bb4 26. Rc2 Bxa5 27. Rd4 Rb1+ 28. Bf1 Rxa1 0-1

[Event "Early-Titled-Tuesday-Blitz-September-26-2023"]
[Site "Chess.com"]
[Date "2023.09.26"]
[Round "2"]
[White "AsaHoffmann"]
[Black "Alina_Gumerovna"]
[Result "0-1"]
[WhiteElo "2414"]
[BlackElo "2131"]
[TimeControl "180+1"]
[EndTime "8:15:34 PDT"]
[Termination "Alina_Gumerovna won by resignation"]

1. d4 d5 2. Bg5 Nf6 3. Nd2 e6 4.
e3 Be7 5. Bd3 O-O 6. f4 Nbd7 7.
Ngf3 c5 8. c3 b6 9. O-O Bb7 10.
Qb1 h6 11. Bh4 Ng4 12. Bxe7 Qxe7 13. Re1 f5 14. h3 Ngf6 15. Ne5 Nxe5 16. fxe5 Ne4 17.
Bxe4 fxe4 18. Rf1 Ba6 19. Rxf8+ Rxf8 20. Qe1 Bd3 21. Qg3 c4 22. Re1 Rf5 23. Nf1 Qf7 24. Nh2 h5 25. h4 Kh7 26. Kh1 Qd7 27. Rd1 Qa4 28. Rd2 Qxa2 29. Qe1 b5 30. g4 hxg4 31. Nxg4 Rf1+ 0-1

[Event "Early-Titled-Tuesday-Blitz-September-26-2023"]
[Site "Chess.com"]
[Date "2023.09.26"]
[Round "2"]
[White "MaevskiyNikolay"]
[Black "GMaka"]
[Result "1-0"]
[WhiteElo "2568"]
[BlackElo "2324"]
[TimeControl "180+1"]
[EndTime "8:15:37 PDT"]
[Termination "MaevskiyNikolay won by resignation"]

1. d4 Nf6 2. Nf3 e6 3. e3 c5 4. Bd3 b6 5. c4 Bb7 6. Nc3 cxd4 7. exd4 Bb4 8. O-O O-O 9. Bg5 h6 10. Bh4 Be7 11. Re1 d5 12. Rc1 Nc6 13. Bxf6 Bxf6 14.
cxd5 exd5 15. Bb1 g6 16. a3 Bg7 17. Qd3 Rc8 18. h4 h5 19. Ba2 Na5 20. Ne5 Qxh4 21. Nxd5 Rxc1 22. Rxc1 Rc8 23. Rxc8+ Bxc8 24. Nxg6 fxg6 25.
Ne7+ Kh7 26. Bg8+ 1-0

[Event "Early-Titled-Tuesday-Blitz-September-26-2023"]
[Site "Chess.com"]
[Date "2023.09.26"]
[Round "2"]
[White "quvnoq_muxlis"]
[Black "gau248"]
[Result "1-0"]
[WhiteElo "2825"]
[BlackElo "2591"]
[TimeControl "180+1"]
[EndTime "8:15:38 PDT"]
[Termination "quvnoq_muxlis won by checkmate"]

1. e4 c5 2. Nf3 d6 3. d4 cxd4 4.
Nxd4 Nf6 5. Nc3 a6 6. Be2 e5 7. Nb3 Be7 8. g4 h6 9. h4 Be6 10. Be3 Nc6 11. Rg1 b5 12. g5 hxg5 13. hxg5 Nd7 14. Nd5 a5 15. Bxb5 Rc8 16. a4 Nc5 17. Nxc5 dxc5 18. c3 Kf8 19. Qd2 Na7 20. Bc4 Rb8 21.
O-O-O Qe8 22. b3 Rh4 23. Nc7 Qc6 24. Nxe6+ fxe6 25. Rh1 Rd8 26. Rxh4 Rxd2 27. Rxd2 Nc8 28. Bb5 Qc7 29. Rh8+ Kf7 30. Be8# 1-0

[Event "Early-Titled-Tuesday-Blitz-September-26-2023"]
[Site "Chess.com"]
[Date "2023.09.26"]
[Round "2"]
[White "biostatistician"]
[Black "Aleksandar-Topalov"]
[Result "0-1"]
[WhiteElo "2623"]
[BlackElo "2383"]
[TimeControl "180+1"]
[EndTime "8:15:41 PDT"]
[Termination "Aleksandar-Topalov won by resignation"]

1. d4 e6 2. Nf3 f5 3. g3 Nf6 4. Bg2 Be7 5. O-O O-O 6. c4 d6 7. Nc3 Ne4 8. Qc2 Nxc3 9. Qxc3 a5 10. h4 Bf6 11. Bg5 Nc6 12. Rad1 Qe8 13. Bxf6 Rxf6 14.
d5 Nb4 15. Nd4 e5 16. Ne6 Bxe6 17. dxe6 c6 18. Rxd6 Rxe6 19. Rxe6 Qxe6 20. a3 Na6 21. Qxa5 Qxc4 22. Qxe5 Qc2 23. Bh3 Rf8 24. h5 Nc5 25. b4 Nb3 26. h6 gxh6 27. Re1 Qd2 28. Rb1 Nd4 29. e3 Nf3+ 0-1

[Event "Early-Titled-Tuesday-Blitz-September-26-2023"]
[Site "Chess.com"]
[Date "2023.09.26"]
[Round "2"]
[White "maurovargas01"]
[Black "Gerasimenyuk_Miha"]
[Result "0-1"]
[WhiteElo "1886"]
[BlackElo "2410"]
[TimeControl "180+1"]
[EndTime "8:15:41 PDT"]
[Termination "Gerasimenyuk_Miha won by checkmate"]

1. e4 d5 2. e5 c6 3. f4 h5 4. g3 h4 5. g4 h3 6. f5 e6 7. f6 gxf6 8. d4 fxe5 9. dxe5 Qh4+ 10. Kd2 Bh6+ 11. Kc3 Bxc1 12. Qxc1 Qxg4 13. b3 Qe4 14.
Qg5 Ne7 15. Kb2 Qxh1 16. Bxh3 Rg8 17. Qe3 Qxg1 18. Qf3 Qxh2 19. Nc3 Rg3 20. Nxd5 cxd5 21. Qh5 Qxh3 22. Qe2 Nbc6 23. Rf1 Bd7 24. Qf2 Nf5 25.
Rd1 O-O-O 26. b4 Rg2 27. Qc5 Ne3 28. Rc1 Nc4+ 29. Ka1 Qc3+ 30. Kb1 Na3# 0-1

[Event "Early-Titled-Tuesday-Blitz-September-26-2023"]
[Site "Chess.com"]
[Date "2023.09.26"]
[Round "2"]
[White "KononenkoD"]
[Black "BeautiFullMindChess"]
[Result "1-0"]
[WhiteElo "2603"]
[BlackElo "2346"]
[TimeControl "180+1"]
[EndTime "8:15:45 PDT"]
[Termination "KononenkoD won by resignation"]

1. e4 e5 2. Nf3 Nc6 3. d4 exd4 4. Nxd4 Nf6 5. Nc3 Bb4 6. Nxc6 bxc6 7. Bd3 d5 8. O-O O-O 9. Bd2 Rb8 10. e5 Nd7 11. f4 f6 12. e6 Nc5 13. f5 Nxd3 14.
cxd3 Bd6 15. Rb1 Ba6 16. Rf3 Be5 17. Rh3 Qe8 18. Qg4 g5 19. d4 Bd6 20. b3 Kh8 21. Re1 Qe7 22. Rh6 Rg8 23. Re3 Rg7 24. Reh3 Rf8 25.
Qh5 Bb7 26. Na4 c5 27. Nxc5 Bxc5 28. dxc5 d4 29. b4 Qd8 30. Rxh7+ 1-0

[Event "Early-Titled-Tuesday-Blitz-September-26-2023"]
[Site "Chess.com"]
[Date "2023.09.26"]
[Round "2"]
[White "Incognito_Knight"]
[Black "novocane"]
[Result "1-0"]
[WhiteElo "2749"]
[BlackElo "2374"]
[TimeControl "180+1"]
[EndTime "8:15:47 PDT"]
[Termination "Incognito_Knight won by resignation"]

1. b3 e5 2. Bb2 Nc6 3. c4 Nf6 4. Nf3 Bc5 5. e3 e4 6. Nd4 O-O 7. Nf5 d5 8. cxd5 Nb4 9. Ng3 Qxd5 10. Bxf6 gxf6 11. Nc3 Nd3+ 12. Bxd3 Qxd3 13. Ngxe4 Be7 14.
Qf3 f5 15. Qg3+ Kh8 16. Qe5+ Kg8 17. Qxe7 fxe4 18. Qxe4 Bf5 19. Qxd3 Bxd3 20. Nd5 c6 21. Nf4 Bf5 22. d4 a5 23. Rc1 a4 24. b4 a3 25.
Kd2 Rfc8 26. Rc5 Ra4 27. Rxf5 1-0

[Event "Early-Titled-Tuesday-Blitz-September-26-2023"]
[Site "Chess.com"]
[Date "2023.09.26"]
[Round "2"]
[White "Mystery2007"]
[Black "chessdjw"]
[Result "1/2-1/2"]
[WhiteElo "2503"]
[BlackElo "2700"]
[TimeControl "180+1"]
[EndTime "8:15:48 PDT"]
[Termination "Game drawn by repetition"]

1. e4 e5 2. Nf3 Nc6 3. Bc4 Nf6 4. Ng5 d5 5. exd5 Na5 6. Bb5+ Bd7 7. Qe2 Be7 8. Nc3 O-O 9. O-O c6 10. dxc6 Nxc6 11.
Bxc6 Bxc6 12. d3 Nd7 13. Qh5 h6 14. Nf3 Qc7 15. Re1 Rae8 16. Bd2 f5 17. Bxh6 gxh6 18. Qg6+ Kh8 19. Qxh6+ Kg8 20. Qg6+ Kh8 21. Qh6+ Kg8 22. Qg6+ Kh8 23. Qh6+ 1/2-1/2

[Event "Early-Titled-Tuesday-Blitz-September-26-2023"]
[Site "Chess.com"]
[Date "2023.09.26"]
[Round "2"]
[White "Mihajlovskij"]
[Black "Squirlolz"]
[Result "0-1"]
[WhiteElo "2273"]
[BlackElo "2495"]
[TimeControl "180+1"]
[EndTime "8:15:48 PDT"]
[Termination "Squirlolz won by resignation"]

1. e4 c5 2. d4 cxd4 3. Qxd4 Nc6 4. Qd3 g6 5. Nc3 Bg7 6. Nf3 Nf6 7. Be2 O-O 8. Bg5 a6 9. O-O b5 10. Nd5 e6 11. Nxf6+ Bxf6 12. Bxf6 Qxf6 13. c3 Rd8 14. Qd6 Qe7 15. Rfd1 Qxd6 16. Rxd6 Kf8 17. a4 Ke7 18. Rd2 b4 19. Nd4 bxc3 20. bxc3 Na5 21. Rad1 Bb7 22.
f3 Rac8 23. Rd3 Rc7 24. Bf1 Rdc8 25. Ne2 Nb3 26. Rb1 Nc5 27. Rd4 a5 28. Rb5 d6 29.
Rb6 Bc6 30. Kf2 Bxa4 31. Rdxd6 Nd7 32. Rd2 Nxb6 0-1

[Event "Early-Titled-Tuesday-Blitz-September-26-2023"]
[Site "Chess.com"]
[Date "2023.09.26"]
[Round "2"]
[White "CMmauricio"]
[Black "ajedrezhoy"]
[Result "0-1"]
[WhiteElo "2601"]
[BlackElo "2384"]
[TimeControl "180+1"]
[EndTime "8:15:51 PDT"]
[Termination "ajedrezhoy won by resignation"]

1. d4 Nf6 2. e3 d5 3. f4 Bf5 4. c3 e6 5. Bd3 c5 6. Nf3 Nc6 7. O-O Bd6 8. Qe2 O-O 9. Nbd2 h6 10.
Ne5 Bxd3 11. Qxd3 Nd7 12. b3 Ne7 13. Bb2 f6 14. Nxd7 Qxd7 15. e4 cxd4 16. Qxd4 Qc7 17.
Kh1 Bxf4 18. exd5 Nxd5 19. c4 Be5 20. Qg4 Bxb2 21. Rab1 f5 22. Qe2 Qe5 23. Qxe5 Bxe5 24. cxd5 exd5 25. Nf3 Bf6 26. Rbd1 Rfd8 27. Ne1 g6 28.
Nd3 Kf7 29. g4 fxg4 30. Ne5+ Kg7 31. Nxg4 Bc3 32. Rd3 d4 33. Ne5 Rf8 34. Rg1 Rf6 35. Rdg3 g5 36. h4 Re8 37. Ng4 Rg6 38. hxg5 Rxg5 39.
Nxh6 Rxg3 40. Nf5+ Kf6 41. Nxg3 d3 42. Rf1+ Kg5 43.
Kg2 d2 44. Rf5+ Kg6 45. Rd5 Re1 46. Rd6+ Kf7 0-1

[Event "Early-Titled-Tuesday-Blitz-September-26-2023"]
[Site "Chess.com"]
[Date "2023.09.26"]
[Round "2"]
[White "JiaHaoxiang"]
[Black "DanielNaroditsky"]
[Result "0-1"]
[WhiteElo "2645"]
[BlackElo "3156"]
[TimeControl "180+1"]
[EndTime "8:15:55 PDT"]
[Termination "DanielNaroditsky won by resignation"]

1. d4 Nf6 2. Bf4 c5 3. e3 cxd4 4. exd4 Qb6 5. Qc1 Qxd4 6. Nf3 Qb6 7. Nc3 d6 8. Bc4 e6 9. O-O Be7 10. a4 O-O 11. a5 Qc7 12. Bb3 a6 13. Rd1 Nc6 14. Qd2 Rd8 15. Be3 Nxa5 16. Rxa5 Qxa5 17. Nd5 Qxd2 18. Nxe7+ Kf8 19. Nxd2 Kxe7 20. Nc4 b5 21. Na5 Rd7 22. c4 Bb7 23. c5 Bd5 24. cxd6+ Kxd6 25. Bc2 Rc8 26. Bd3 Ke7 27. b4 Rdc7 28. Bc5+ Rxc5 29. bxc5 Rxc5 30. f3 Nd7 31. Kf2 Ne5 32. Ke3 Rc3 0-1